 Dungeon Crawl Stone Soup version 0.30-a0-1016-gfb0d676c02 (webtiles) character file.

Game seed: 2730866002695099085

161 voltaire321 the Magician (level 5, 0/33 HPs)
             Began as an Octopode Hedge Wizard on Apr 6, 2023.
             Slain by an orc wizard
             ... wielding a +0 dagger
              (4 damage)
             ... on level 4 of the Dungeon.
             The game lasted 00:07:35 (2309 turns).

voltaire321 the Magician (Octopode Hedge Wizard)    Turns: 2309, Time: 00:07:35

Health: 0/33       AC:  1    Str:  9    XL:     5   Next: 42%
Magic:  10/10      EV: 13    Int: 18    God:
Gold:   130        SH:  0    Dex: 12    Spells: 6/11 levels left

rFire   . . .      SeeInvis .    r - +4 mace (protect)
rCold   . . .      Faith    .    (no shield)
rNeg    . . .      Spirit   .    b - +0 hat
rPois   .          Reflect  .    (no amulet)
rElec   .          Rampage  .    (no ring)
rCorr   .                        (no ring)
Will    .....                    (no ring)
Stlth   ++                       (no ring)
HPRegen 0.25/turn                (no ring)
MPRegen 0.12/turn                (no ring)
                                 (no ring)
                                 (no ring)

@: confused
A: almost no armour, amphibious, 8 rings, camouflage 1, gelatinous body 1,
(nimble swimmer 1), tentacles
a: no special abilities


You were on level 4 of the Dungeon.
You visited 1 branch of the dungeon, and saw 4 of its levels.

You collected 130 gold pieces.

Inventory:

Hand Weapons
 e - a +2 dagger of speed
 r - a +4 mace of protection (weapon)
Armour
 b - a +0 hat (worn)
Jewellery
 g - a ring of fire
 m - a +6 ring of intelligence
Scrolls
 a - 2 scrolls of enchant weapon {unknown}
 h - 2 scrolls of teleportation {unknown}
 j - a scroll of enchant armour {unknown}
 k - a scroll of magic mapping {unknown}
 l - 3 scrolls of identify {unknown}
 o - a scroll of fog {unknown}
 q - 2 scrolls of immolation {unknown}
 s - a scroll of blinking {unknown}
Potions
 c - a potion of magic
 d - 2 potions of brilliance {unknown}
 f - 2 potions of curing
 i - a potion of mutation {unknown}
 n - a potion of might {unknown}
 p - a potion of haste {unknown}
 t - a potion of degeneration {unknown}


   Skills:
 + Level 1.6 Fighting
 + Level 2.7 Dodging
 - Level 2.6 Stealth
 + Level 3.5 Spellcasting
 + Level 2.1 Conjurations
 + Level 2.1 Summonings
 + Level 2.2 Translocations


You had 6 spell levels left.
You knew the following spells:

 Your Spells              Type           Power      Damage    Failure   Level
a - Magic Dart            Conj           40%        1d5       6%          1
b - Call Imp              Summ           11%        N/A       10%         2
c - Blink                 Tloc           22%        N/A       10%         2

Your spell library contained the following spells:

 Spells                   Type           Power      Damage    Failure   Level
 Beastly Appendage        Tmut           6%         N/A       16%         1
 Slow                     Hex            12%        N/A       16%         1
 Cigotuvi's Dreadful Rot  Necr/Pois/Air  6%         N/A       24%         2
 Wereblood                Tmut           3%         N/A       24%         2
 Mephitic Cloud           Conj/Pois/Air  5%         N/A       34%         3
 Spider Form              Tmut/Pois      3%         N/A       43%         3


Dungeon Overview and Level Annotations

Branches:
Dungeon (4/15)
 Temple: D:4-7

Altars:

Shops:
D:2 (   D:3 :(


Innate Abilities, Weirdness & Mutations

You cannot wear most types of armour.
You are amphibious.
You can wear up to eight rings at the same time.
Your skin changes colour to match your surroundings (Stealth+).
Your rubbery body absorbs attacks. (AC +1, EV +1)
((You are camouflaged when in or above water. (Stealth+)))
You have tentacles for arms and can constrict up to eight enemies at once.


Message History

The magic dart hits the orc.
The orc is moderately wounded.
The orc shouts!
The orc wizard shouts!
You hit the orc.
Your weapon exudes an aura of protection.
You kill the orc!
The orc wizard gestures wildly while chanting.
The orc wizard flickers and vanishes!
Deactivating autopickup; reactivate with Ctrl-A.
The orc wizard hits you but does no damage.
You see here a +0 hand axe.
You hit the orc wizard. Your grab misses the orc wizard.
You squeeze the orc wizard.
The orc wizard is severely wounded.
Something barely misses you. The orc wizard casts a spell at you.
You are confused.
The orc wizard gestures at you while chanting.
The puff of flame hits you. Something hits you.
The orc wizard hits you but does no damage.
You hear some strange, mumbled words.
You are more confused.
The orc wizard barely misses you.
You hear some strange, mumbled words.
A puff of flame appears from out of thin air!
The puff of flame hits you!
The orc wizard gestures wildly while chanting.
The orc wizard flickers and vanishes!
You see here a +0 hand axe.
You're too confused to move!
A magic dart appears from out of thin air!
The magic dart hits you.
You hear some strange, mumbled words.
A puff of flame appears from out of thin air!
The puff of flame hits you.
* * * LOW HITPOINT WARNING * * *
You bump into the crystal wall.
Something hits you.
You die...

.#.#.#.#.#
#.#.#.#.##
.#.#.#.#.###
#.#.#.#.#..
#.#.#.#)#.###
..#.#.#.#.##
..#.#.#.#.#.#
...#.#.#.#.##
.#.#.#.#(#@#####
.#.#.#.#{.....#
#.#.#.#.#.....#
.#.#.#.#+.....#
.#.#.# #.....#
#### #######


There were no monsters in sight!

Vanquished Creatures
  An orc priest (D:3)
  2 gnolls (D:2)
  An adder (D:2)
  2 worms (D:2)
  4 dart slugs
  3 orcs
  8 ball pythons
  10 bats
  5 endoplasms
  2 giant cockroaches
  2 goblins
  3 hobgoblins
  4 jackals (D:2)
  6 kobolds
  2 quokkas
  2 frilled lizards
  4 rats
61 creatures vanquished.

Vanquished Creatures (collateral kills)
  2 gnolls (D:2)
  2 orcs (D:3)
  A goblin (D:3)
5 creatures vanquished.

Grand Total: 66 creatures vanquished

Notes
Turn   | Place    | Note
-------+----------+-------------------------------------------
     0 | D:1      | voltaire321 the Octopode Hedge Wizard began the quest for
                  | the Orb.
     0 | D:1      | Reached XP level 1. HP: 11/11 MP: 4/4
   129 | D:1      | Reached XP level 2. HP: 17/17 MP: 3/6
   245 | D:1      | Learned a level 2 spell: Call Imp
   248 | D:1      | Learned a level 2 spell: Blink
   729 | D:1      | Reached XP level 3. HP: 20/22 MP: 7/7
   927 | D:2      | Reached skill level 1 in Fighting
  1091 | D:2      | Found a faded altar of an unknown god.
  1334 | D:2      | Found Wilumine's Weapon Emporium.
  1348 | D:2      | Reached XP level 4. HP: 28/28 MP: 1/8
  1800 | D:3      | Found Viymuc's Book Shop.
  1864 | D:3      | Reached XP level 5. HP: 28/33 MP: 8/10
  1888 | D:3      | Found Oreuvose's Antique Weapon Boutique.
  2309 | D:4      | Slain by an orc wizard

Illustrated notes

Levels and vault maps discovered:
D:1:      dpeg_arrival_radiant, layout_basic, roderic_st_hans_cross,
          minmay_stone_trees_small, minmay_pentomino_v4
D:2:      layout_basic, shapermc_ecumenical_altar_starsandcircs, serial_shops,
          nicolae_shop_bloodbath_and_beyond, nrook_mini_vaults
D:3:      layout_basic, serial_shops, shop, shop
D:4:      black_bear_nest_1, layout_basic, minmay_misc_feat_secret_circle

Skill      XL: |  1  2  3  4 |
---------------+-------------+-----
Fighting       | 1 |  1.6
Translocations | 2 |  2.2
Summonings     | 2 |  2.1
Conjurations   | 2 |  2.1
Dodging        | |  2.7
Stealth        | |  2.6
Spellcasting   | |  3.5

Action                     |  1- 3 |  4- 6 || total
---------------------------+-------+-------++-------
  Melee: Dagger            |    70 |    30 ||   100
         Tentacles         |    11 |     8 ||    19
         Constrict         |    12 |    12 ||    24
         Mace              |       |    22 ||    22
         Punch             |       |     1 ||     1
   Cast: Magic Dart        |    35 |     6 ||    41
         Call Imp          |     1 |     3 ||     4
   Stab: Sleeping          |     9 |     6 ||    15
 Armour: Skin              |     5 |     8 ||    13
  Dodge: Dodged            |    33 |    37 ||    70

Table legend: (Time is in decaauts)
 A = Elapsed time spent in this place.
 B = Non-inter-level travel time spent in this place.
 C = Inter-level travel time spent in this place.
 D = Time resting spent in this place.
 E = Time spent auto-exploring this place.
 F = Levels seen in this place.
 G = Mean time per level.
                   A        B        C        D        E       F      G
               +--------+--------+--------+--------+--------+-----+--------+
         Total |   2283 |   2207 |     76 |    256 |   1367 |   4 |  570.8 |
       Dungeon |   2283 |   2207 |     76 |    256 |   1367 |   4 |  570.8 |
               +--------+--------+--------+--------+--------+-----+--------+

Top non-repeatable levels by time:
     D:2: 878 daAuts
     D:1: 869 daAuts
     D:3: 422 daAuts
     D:4: 113 daAuts
